 Dungeon Crawl Stone Soup version 0.26-a0-774-g1415c89e12 (webtiles) character file.

Game seed: 13293492570884574896

43 Kinoniko the Chopper (level 3, -3/30 HPs)
             Began as a Draconian Gladiator on Nov 9, 2020.
             Slain by a gnoll
             ... wielding a +0 halberd
              (7 damage)
             ... on level 2 of the Dungeon.
             The game lasted 00:00:59 (1351 turns).

Kinoniko the Chopper (Draconian Gladiator)          Turns: 1351, Time: 00:01:00

Health: -3/30      AC:  5    Str: 17    XL:     3   Next: 37%
Magic:  3/3        EV: 13    Int:  8    God:
Gold:   106        SH:  0    Dex: 12    Spells: 2/2 levels left

rFire    . . .     SeeInvis .   a - +0 war axe
rCold    . . .     Faith    .   (no shield)
rNeg     . . .     Spirit   .   (armour unavailable)
rPois    .         Reflect  .   b - +0 hat
rElec    .         Harm     .   (no cloak)
rCorr    .         Rampage  .   (no gloves)
MR       .....                  (no boots)
Stlth    +.........             (no amulet)
HPRegen  0.10/turn              (no ring)
MPRegen  0.08/turn              (no ring)

@: no status effects
A: unfitting armour, cold-blooded, AC +5
a: no special abilities


You were on level 2 of the Dungeon.
You visited 1 branch of the dungeon, and saw 2 of its levels.

You collected 106 gold pieces.

Inventory:

Hand Weapons
 a - a +0 war axe (weapon)
Missiles
 c - 3 throwing nets (quivered)
Armour
 b - a +0 hat (worn)
Scrolls
 d - 2 scrolls of remove curse {unknown}
 f - 2 scrolls of identify {unknown}
Potions
 e - a potion of attraction {unknown}
 g - a potion of cancellation {unknown}
 h - a potion of flight {unknown}
 i - a potion of might {unknown}
 j - a potion of curing {unknown}


   Skills:
 + Level 2.8 Fighting
 * Level 3.8 Axes
 - Level 1.7 Throwing
 + Level 3.1 Dodging


You had 2 spell levels left.
You didn't know any spells.
Your spell library was empty.

Dungeon Overview and Level Annotations

Branches:
Dungeon (2/15)

Altars:


Innate Abilities, Weirdness & Mutations

Your plain brown scales are hard. (AC +5)
You cannot fit into any form of body armour.
You are cold-blooded and may be slowed by cold attacks.


Message History

You are too injured to fight recklessly!
You are too injured to fight recklessly!
You are too injured to fight recklessly!
You are too injured to fight recklessly!
You are too injured to fight recklessly!
You are too injured to fight recklessly!
You are too injured to fight recklessly!
You are too injured to fight recklessly!
You are too injured to fight recklessly!
You are too injured to fight recklessly!
You are too injured to fight recklessly!
You are too injured to fight recklessly!
You are too injured to fight recklessly!
You are too injured to fight recklessly!
You are too injured to fight recklessly!
Unknown command.
You barely miss the quokka.
Your tail-slap misses the quokka.
The quokka is severely wounded.
The gnoll hits you from afar with a +0 halberd!
You die...

###.##.##.#
##.#
#.........#
....
#.####..###
.. ...
#.##....# ..#
#.##.##.# ..#
#.##.##.#
#.......# ##
####.#####...
#@#.......
#r#.......
#.g.gr....
###.......
.......
####... ##


You could see a gnoll and a quokka.

Vanquished Creatures
  A gnoll (D:2)
  2 worms (D:2)
  A dart slug (D:1)
  A leopard gecko (D:1)
  3 goblins (D:1)
  3 hobgoblins (D:1)
  2 kobolds (D:1)
  7 bats
  A frilled lizard (D:2)
  3 rats (D:1)
24 creatures vanquished.

Notes
Turn   | Place    | Note
-------+----------+-------------------------------------------
     0 | D:1      | Kinoniko the Draconian Gladiator began the quest for the
                  | Orb.
     0 | D:1      | Reached XP level 1. HP: 17/17 MP: 1/1
   321 | D:1      | Reached XP level 2. HP: 25/25 MP: 2/2
  1029 | D:2      | Reached XP level 3. HP: 16/30 MP: 3/3
  1351 | D:2      | Slain by a gnoll

Illustrated notes

Levels and vault maps discovered:
D:1:      erik_arrival_cave_to_civilisation [erik_arrival_cave_to_temple],
          layout_basic
D:2:      layout_loops_cross, uniq_terence

Skill      XL: |  1  2 |
---------------+-------+-----
Dodging        | 3 |  3.1
Fighting       | |  2.8
Axes           | |  3.8
Throwing       | |  1.7

Action                   || total
-------------------------++-------
Melee: War axe           ||    64
       Tailslap          ||     2
Armor: Skin              ||    18
Dodge: Dodged            ||    56

Table legend: (Time is in decaauts)
 A = Elapsed time spent in this place.
 B = Non-inter-level travel time spent in this place.
 C = Inter-level travel time spent in this place.
 D = Time resting spent in this place.
 E = Time spent auto-exploring this place.
 F = Levels seen in this place.
 G = Mean time per level.
                   A        B        C        D        E       F      G
               +--------+--------+--------+--------+--------+-----+--------+
         Total |   1371 |   1338 |     33 |    332 |    849 |   2 |  685.5 |
       Dungeon |   1371 |   1338 |     33 |    332 |    849 |   2 |  685.5 |
               +--------+--------+--------+--------+--------+-----+--------+

Top non-repeatable levels by time:
     D:1: 1026 daAuts
     D:2: 345 daAuts
